 Dungeon Crawl Stone Soup version 0.32-a0-484-g2eb335deba (webtiles) character file.

Game seed: 18428247476858507851

32591 Alarak the Fencer (level 13, -6/97 (105) HPs)
             Began as a Minotaur Monk on Feb 27, 2024.
             Was the Champion of Cheibriados.
             Mangled by a naga
             ... wielding a +0 glaive
              (16 damage)
             ... on level 3 of the Lair of Beasts.
             The game lasted 00:40:31 (16671 turns).

Alarak the Fencer (Minotaur Monk)                  Turns: 16671, Time: 00:40:31

HP:   -6/97 (105)   AC: 20    Str: 32    XL:     13   Next: 32%
MP:   12/12         EV: 17    Int: 22    God:    Cheibriados [******]
Gold: 751           SH: 20    Dex: 38    Spells: 12/12 levels left

rFire   + . .        Q - +3 falchion (freeze)
rCold   . . .        H - +2 kite shield
rNeg    . . .        D - +0 plate armour
rPois   +            h - +1 hat {Will+}
rElec   .            p - +0 cloak
rCorr   .            V - +0 pair of gloves
SInv    +            (no boots)
Will    +....        (no amulet) Stlth
                     l - +6 ring of dexterity
HPRegen 0.36/turn    M - ring "Wezaom" {rPois rF+ SInv}
MPRegen 0.13/turn

%: no passive effects
@: mighty, on berserk cooldown, slowed, drained, very slow
A: horns 2, retaliatory headbutt
a: Renounce Religion, Bend Time, Temporal Distortion, Slouch, Step From Time


You were on level 3 of the Lair of Beasts.
You worshipped Cheibriados.
Cheibriados was exalted by your worship.
You visited 2 branches of the dungeon, and saw 16 of its levels.
You also visited: Sewer.

You collected 751 gold pieces.

Inventory:

Hand Weapons
 g - a +1 long sword
 F - a +5 rapier of venom
 K - a +4 falchion
 Q - a +3 falchion of freezing (weapon)
Missiles
 r - 39 poisoned darts (quivered)
Armour
 h - a +1 hat of willpower (worn)
 p - a +0 cloak (worn)
 y - a +1 chain mail of fire resistance
 D - a +0 plate armour (worn)
 H - a +2 kite shield (worn)
 U - a +0 tower shield
 V - a +0 pair of gloves (worn)
Jewellery
 l - a +6 ring of dexterity (left hand)
 w - a ring of see invisible
 L - a +5 ring of evasion
 M - the ring "Wezaom" (right hand) {rPois rF+ SInv}
   (You found it on level 8 of the Dungeon)

   [ring of protection from fire]

   rF+:       It protects you from fire.
   rPois:     It protects you from poison SInv: It lets you see invisible.
 P - a +6 ring of intelligence
 R - a ring of protection from cold
Wands
 d - a wand of polymorph (3)
 x - a wand of paralysis (12)
 C - a wand of roots (11)
 J - a wand of quicksilver (6)
 O - a wand of flame (31)
Scrolls
 b - 3 scrolls of enchant armour
 f - 3 scrolls of enchant weapon
 j - a scroll of poison
 k - 7 scrolls of teleportation
 n - 3 scrolls of revelation
 o - a scroll of summoning
 s - 5 scrolls of blinking
 B - 5 scrolls of fear
 E - a scroll of immolation
 N - 2 scrolls of torment
 S - 2 scrolls of fog
 T - 3 scrolls of identify
Potions
 a - a potion of resistance
 c - a potion of ambrosia
 e - 2 potions of haste
 i - 7 potions of lignification
 m - 2 potions of enlightenment
 t - a potion of attraction
 u - 9 potions of curing
 v - 4 potions of mutation
 z - 2 potions of cancellation
 A - 4 potions of brilliance
 I - a potion of berserk rage


   Skills:
 - Level 7.0 Fighting
 - Level 15.5 Long Blades
 + Level 13.3 Armour
 - Level 8.2 Dodging
 - Level 15.5 Shields


You had 12 spell levels left.
You didn't know any spells.
Your spell library contained the following spells:

 Spells                   Type           Power      Damage    Failure   Level
 Magic Dart               Conj           0%         1d3       77%         1
 Sandblast                Erth           0%         2d4       77%         1
 Slow                     Hex            0%         N/A       77%         1
 Summon Small Mammal      Summ           0%         N/A       77%         1
 Cigotuvi's Dreadful Rot  Necr/Alch/Air  0%         N/A       88%         2
 Searing Ray              Conj           0%         2d4       88%         2
 Call Canine Familiar     Summ           0%         N/A       98%         3
 Inner Flame              Hex/Fire       0%         N/A       98%         3
 Passwall                 Erth           0%         N/A       98%         3
 Stone Arrow              Conj/Erth      0%         3d7       98%         3
 Anguish                  Hex/Necr       0%         N/A       100%        4
 Brom's Barrelling Bould  Conj/Erth      0%         2d3       100%        4
 Cause Fear               Hex            0%         N/A       100%        4
 Fulminant Prism          Conj/Alch      0%         3d5       100%        4
 Leda's Liquefaction      Alch/Erth      0%         N/A       100%        4
 Summon Blazeheart Golem  Fire/Summ      0%         N/A       100%        4
 Lee's Rapid Deconstruct  Erth           0%         3d4*      100%        5
 Bombard                  Conj/Erth      0%         9d1       100%        6
 Enfeeble                 Hex            0%         N/A       100%        7
 Discord                  Hex            0%         N/A       100%        8


Dungeon Overview and Level Annotations

Branches:
Dungeon (13/15)            Temple (0/1) D:5            Lair (3/5) D:10
 Shoals (0/4) Lair:3          Orc (0/2) D:9           Sewer (visited)
  Snake: Lair:2-3    Spider: Lair:2-3    Vaults: D:13-14

Altars:
Cheibriados
Dithmenos
Elyvilon
Fedhas
Kikubaaqudgha
Nemelex Xobeh
Ru
Uskayaw
Vehumet
Wu Jian
Xom
Zin
Jiyva

Shops:
D:1 [   D:7 [*?[(   D:12 (

Annotations:
D:10 3 runed translucent doors
D:11 3 runed translucent doors, Alarak's ghost, journeyman FoFi
Lair:1 2 transporters, exclusion: ice statue, Weusopre's ghost, novice DrCj
Lair:3 Nergalle


Innate Abilities, Weirdness & Mutations

You have a pair of horns on your head.
You reflexively headbutt those who attack you in melee.


Message History

The naga barely misses you.
The spectral orc warrior completely misses you.
The spectral orc knight hits you from afar with a +0 halberd.
The spectral orc knight hits you but does no damage.
You slash the elephant! You freeze the elephant.
The elephant is almost dead.
The elephant tramples you but does no damage.
You block the elephant's attack. The elephant tramples you!
You hold your ground!
You block the elephant's attack. You block Nergalle's attack.
The naga hits you but does no damage.
You hit the elephant. You freeze the elephant. You headbutt the elephant!
You kill the elephant!
Cheibriados appreciates the change of pace.
You feel sick. You block the naga's attack.
The spectral orc warrior hits you but does no damage.
You block the spectral orc knight's attack. x2
You slice the bullfrog!!
The bullfrog seems to slow down.
You freeze the bullfrog.
You kill the bullfrog!
Cheibriados thoroughly appreciates the change of pace.
You are no longer berserk.
You are exhausted.
You feel yourself slow down. You block the elephant's attack. x2
Nergalle gestures at you while chanting.
The bolt of negative energy hits you!!
You feel drained.
* * * LOW HITPOINT WARNING * * *
You block the naga's attack. The naga misses you.
The spectral orc knight barely misses you.
The spectral orc warrior barely misses you.
You hear a trumpeting!
You feel better.
You hear a trumpeting!
You block the elephant's attack. The elephant trunk-slaps you.
* * * LOW HITPOINT WARNING * * *
The naga misses you. Nergalle closely misses you.
The elephant tramples you but does no damage.
You block the elephant's attack.
The naga hits you from afar with a +0 glaive!
You die...
Cheibriados appreciates the motionlessness of death.

........###...# #...............
........# #.!.# ##..(.#..........
.......####...# #....##..........
.......###....####..#.##.......$.
.......#P#.....#.................
....†.....†.....Z.N.†............
..........<...ZYY.N.............#
...............YYoNN............#
#P#....##...##ZP@##...§..†.../..#
####.....##..#######FYY†........#
##...........................#
#......................>....#
#............................
#..................#.#.######
#..###P..####.##...##### #.##
#..# ## #...# #####.# .. ....#


You could see 4 elephants, Nergalle, a spectral orc warrior (summoned), 2
spectral orc knights and 4 nagas.

Vanquished Creatures
  3 hydras
  2 boulder beetles
  2 two-headed ogres
  5 death yaks (Lair:3)
  Urug (D:11)
  Pikel (D:6)
  3 manticores
  A cyclops (D:12)
  An ugly thing (D:12)
  7 elephants
  A black mamba (Lair:1)
  3 cane toads
  3 unseen horrors
  Jeremiah (D:6)
  4 kobold demonologists
  A komodo dragon (Lair:2)
  3 rime drakes
  A rime drake (shapeshifter) (D:10)
  3 trolls
  5 dream sheep (Lair:3)
  4 blink frogs (Lair:3)
  2 wraiths (D:12)
  2 shadows
  Eustachio (D:6)
  14 yaks
  3 wyverns
  A basilisk (D:10)
  A warg (D:9)
  Menkaure (D:4)
  2 acid dragons
  16 water moccasins
  An ice beast (D:3)
  2 sky beasts
  8 orc warriors
  2 black bears
  22 wolves
  2 centaurs (D:9)
  4 ogres
  2 phantoms
  8 kobold brigands
  A gnoll sergeant (D:11)
  11 bullfrogs
  2 scorpions
  14 wights
  A wyvern skeleton (D:6)
  10 killer bees
  3 howler monkeys
  2 bombardier beetles
  2 centaur zombies (D:6)
  4 hounds
  A human zombie (D:6)
  3 jellies
  2 bullfrog zombies (D:6)
  5 orc priests
  3 iguanas
  2 sleepcaps
  2 gnoll boudas
  7 orc wizards
  A killer bee zombie (D:6)
  A howler monkey zombie (D:6)
  22 gnolls
  4 river rats
  4 adders
  2 howler monkey skeletons (D:6)
  A shadow imp (D:8)
  3 white imps
  2 dart slugs
  11 ribbon worms
  39 orcs
  11 ball pythons
  7 bats
  15 endoplasms
  7 giant cockroaches
  4 goblins
  6 hobgoblins
  33 kobolds
  5 quokkas
  7 frilled lizards
  14 rats
423 creatures vanquished.

Notes
Turn   | Place    | Note
-------+----------+-------------------------------------------
     0 | D:1      | Alarak the Minotaur Monk began the quest for the Orb.
     0 | D:1      | Reached XP level 1. HP: 19/19 MP: 0/0
    51 | D:1      | Reached XP level 2. HP: 16/26 MP: 1/1
   375 | D:1      | Reached skill level 5 in Long Blades
   402 | D:1      | Found Resecong's Antique Armour Shoppe.
   605 | D:1      | Reached XP level 3. HP: 31/31 MP: 2/2
  1495 | D:3      | Reached XP level 4. HP: 35/41 MP: 3/3
  1519 | D:3      | Found a glowing drain.
  1538 | Sewer    | Entered a sewer
  1683 | Sewer    | Reached skill level 5 in Fighting
  1860 | Sewer    | Noticed a kobold brigand
  1867 | Sewer    | Killed a kobold brigand
  1868 | Sewer    | Reached XP level 5. HP: 39/50 MP: 4/4
  2200 | Sewer    | Reached XP level 6. HP: 9/60 MP: 5/5
  2694 | D:3      | Reached skill level 5 in Dodging
  2902 | D:3      | Noticed an ice beast
  2915 | D:3      | Reached XP level 7. HP: 66/66 MP: 6/6
  2959 | D:3      | Found a shadowy altar of Dithmenos.
  3164 | D:3      | Found a hide-covered altar of Uskayaw.
  3767 | D:4      | Got Rois's Encyclopedia of Reshaped Fate
  3790 | D:4      | Noticed Menkaure
  3793 | D:4      | Killed Menkaure
  3974 | D:4      | Reached XP level 8. HP: 59/73 MP: 7/7
  4300 | D:4      | Found a blossoming altar of Fedhas.
  4303 | D:4      | Found a glowing silver altar of Zin.
  4308 | D:4      | Found an ornate altar of the Wu Jian Council.
  4363 | D:5      | Entered Level 5 of the Dungeon
  4474 | D:5      | Found a radiant altar of Vehumet.
  4628 | D:5      | Found a staircase to the Ecumenical Temple.
  5238 | D:6      | Noticed Pikel
  5249 | D:6      | Killed Pikel
  5250 | D:6      | Reached skill level 10 in Long Blades
  5250 | D:6      | Reached XP level 9. HP: 25/79 MP: 8/8
  5848 | D:6      | Noticed Jeremiah
  5880 | D:6      | Killed Jeremiah
  6123 | D:6      | Noticed Eustachio
  6165 | D:6      | Killed Eustachio
  6174 | D:6      | HP: 3/79 [poisoned by Eustachio]
  6589 | D:6      | Found an ancient bone altar of Kikubaaqudgha.
  6841 | D:6      | Found a white marble altar of Elyvilon.
  7291 | D:7      | Noticed an animated pearl dragon scales
  7291 | D:7      | Found Utsoyh's Armour Shoppe.
  7320 | D:7      | Noticed an animated storm dragon scales
  7380 | D:7      | Found Beusk's Magic Scroll Emporium.
  7403 | D:7      | Found a snail-covered altar of Cheibriados.
  7418 | D:7      | Became a worshipper of Cheibriados the Contemplative
  7418 | D:7      | Reached * piety under Cheibriados
  7418 | D:7      | Reached ** piety under Cheibriados
  7527 | D:7      | Found Jeugrom's Antique Armour Boutique.
  7549 | D:7      | Found Micrulit's Assorted Antiques.
  7584 | D:7      | Reached XP level 10. HP: 86/86 MP: 9/9
  7709 | D:7      | Found a shimmering altar of Xom.
  7716 | D:7      | Found a sparkling altar of Nemelex Xobeh.
  8164 | D:7      | Found Fiuthone's Weapon Shoppe.
  8389 | D:8      | Reached skill level 5 in Shields
  8648 | D:8      | Identified the ring "Wezaom" {rPois rF+ SInv}
  8760 | D:8      | Reached *** piety under Cheibriados
  9665 | D:9      | Reached skill level 15 in Long Blades
  9778 | D:9      | Reached **** piety under Cheibriados
  9783 | D:9      | Found a staircase to the Orcish Mines.
  9861 | D:9      | Found a sacrificial altar of Ru.
  9880 | D:9      | Reached XP level 11. HP: 75/92 MP: 10/10
 10303 | D:9      | Reached ***** piety under Cheibriados
 10324 | D:9      | Noticed a two-headed ogre
 10335 | D:9      | Killed a two-headed ogre
 10336 | D:9      | Reached skill level 10 in Shields
 10535 | D:10     | Entered Level 10 of the Dungeon
 10535 | D:10     | Noticed a two-headed ogre
 10547 | D:10     | Killed a two-headed ogre
 10851 | D:10     | Found a staircase to the Lair.
 10953 | D:10     | Found a runed translucent gate.
 10953 | D:10     | Found a runed translucent gate.
 10954 | D:10     | Found a runed translucent gate.
 11578 | D:11     | Found a runed translucent gate.
 11578 | D:11     | Found a runed translucent gate.
 11578 | D:11     | Found a runed translucent gate.
 11581 | D:11     | Noticed Alarak's ghost (journeyman FoFi)
 11581 | D:11     | Noticed a glowing orange brain
 11584 | D:11     | Found a viscous altar of Jiyva.
 11747 | D:11     | Noticed Urug
 11761 | D:11     | Killed Urug
 12087 | D:11     | Noticed a seven-headed hydra
 12096 | D:11     | Killed a seven-headed hydra
 12233 | D:11     | Noticed a boulder beetle
 12256 | D:11     | Killed a boulder beetle
 12849 | D:11     | Reached XP level 12. HP: 100/100 MP: 11/11
 13253 | D:12     | Reached skill level 15 in Shields
 13539 | D:12     | Found Dilyrri's Weapon Shop.
 14048 | Lair:1   | Entered Level 1 of the Lair of Beasts
 14063 | Lair:1   | Reached skill level 1 in Armour
 14178 | Lair:1   | Found a transporter.
 14180 | Lair:1   | Found a transporter.
 14424 | Lair:1   | Reached skill level 5 in Armour
 14721 | Lair:1   | Reached ****** piety under Cheibriados
 14785 | Lair:1   | Identified the +10 morningstar of Classification {elec, Fly
                  | rC+}
 14918 | Lair:1   | Noticed Weusopre's ghost (novice DrCj)
 15583 | Lair:2   | Noticed a five-headed hydra
 15594 | Lair:2   | Killed a five-headed hydra
 16119 | Lair:3   | Noticed a death yak
 16119 | Lair:3   | Noticed a death yak
 16119 | Lair:3   | Noticed a death yak
 16119 | Lair:3   | Noticed a death yak
 16119 | Lair:3   | Noticed a death yak
 16127 | Lair:3   | Killed a death yak
 16135 | Lair:3   | Killed a death yak
 16144 | Lair:3   | Killed a death yak
 16154 | Lair:3   | Killed a death yak
 16155 | Lair:3   | Reached skill level 10 in Armour
 16168 | Lair:3   | Killed a death yak
 16202 | Lair:3   | Reached XP level 13. HP: 49/105 MP: 12/12
 16547 | Lair:3   | Found a staircase to the Shoals.
 16627 | Lair:3   | Noticed Nergalle
 16670 | Lair:3   | HP: 2/97 [Nergalle/bolt of negative energy (33)]
 16671 | Lair:3   | Mangled by a naga

Illustrated notes

Levels and vault maps discovered:
D:1:      spicycebolla_arrival_xxxplode, layout_loops_ring, serial_shops, shop
D:2:      layout_basic
D:3:      layout_rooms, overflow_temple_1_default, mainiacjoe_overflow_alcove_2,
          portal_sewer_entry_e, minmay_vboxes
D:4:      layout_loops_cross, grunt_temple_overflow_diamond,
          minmay_misc_feat_rows, uniq_menkaure
D:5:      layout_loops_corners, nicolae_vehumet_radiance,
          minmay_temple_entry_sparse_star
D:6:      layout_basic, mainiacjoe_overflow_six_doors_small,
          lemuel_mausoleum_altar_kikubaaqudgha, kennysheep_path_1,
          roderic_lattice_a, sword_in_stone, uniq_pikel, uniq_jeremiah
D:7:      layout_layer_cave, slow_altar_1, amethyst_overflow_temple_binary,
          serial_shops, nicolae_shop_mannequins, shop,
          nicolae_shop_window_shopping, shop, shop
D:8:      layout_loops_cross, minmay_starry_boxes
D:9:      layout_roguey, lemuel_round_altar, erik_orc_3, minmay_joined_circles
D:10:     cheibrodos_iron_armory, layout_stronghold, david_lair_generic
D:11:     layout_grid_maze, gammafunk_ghost_ooze, uniq_urug
D:12:     layout_loops_ring, serial_shops, nicolae_shop_bloodbath_and_beyond,
          lemuel_flamethrower_3
D:13:     layout_grid_maze, minmay_guarded_unrand_skullcrusher
Lair:1:   layout_layer_cave, nzn_ghost_randoct, serial_bayou_ford_a,
          columned_hall_lemuel, pdpol_lair_neglected_garden, grunt_megastairs_4
Lair:2:   layout_gridlike, infiniplex_staircase_pool
Lair:3:   layout_small_grid, minmay_shoals_entry_beasts,
          minmay_snake_entry_guardpost_small, grunt_megastairs_5,
          infiniplex_staircase_pool_2, lemuel_fruit_tree, uniq_nergalle

Skill      XL: |  1  2  3  4  5  6  7  8  9 10 11 12 13 |
---------------+----------------------------------------+-----
Long Blades    | 4 5 10 13 15 | 15.5
Fighting       | 4 6 7 |  7.0
Dodging        | 4 5 8 |  8.2
Shields        | 2 8 14 15 | 15.5
Armour         | 11 13 | 13.3

Action                     |  1- 3 |  4- 6 |  7- 9 | 10-12 | 13-15 || total
---------------------------+-------+-------+-------+-------+-------++-------
  Melee: Falchion          |    36 |       |       |   590 |   114 ||   740
         Headbutt          |    13 |    33 |    87 |   177 |    39 ||   349
         Dagger            |    49 |   123 |   178 |       |       ||   350
         Long sword        |       |       |   137 |     8 |       ||   145
         Rapier            |       |       |    38 |    79 |     8 ||   125
  Throw: Dart              |       |     8 |     4 |       |       ||    12
    Use: Scroll            |     3 |       |    12 |    11 |       ||    26
         Potion            |       |       |       |       |     6 ||     6
   Stab: Distracted        |       |       |       |       |     1 ||     1
 Armour: Robe              |    23 |       |       |       |       ||    23
         Leather armour    |    26 |    54 |     6 |       |       ||    86
         Chain mail        |       |       |   175 |   131 |       ||   306
         Plate armour      |       |       |       |    38 |    83 ||   121
  Dodge: Dodged            |    55 |    67 |   128 |   174 |    79 ||   503
  Block: Kite shield       |       |       |     6 |   561 |   175 ||   742

Table legend: (Time is in decaauts)
 A = Elapsed time spent in this place.
 B = Non-inter-level travel time spent in this place.
 C = Inter-level travel time spent in this place.
 D = Time resting spent in this place.
 E = Time spent auto-exploring this place.
 F = Levels seen in this place.
 G = Mean time per level.
                   A        B        C        D        E       F      G
               +--------+--------+--------+--------+--------+-----+--------+
         Total |  21942 |  20683 |   1259 |   2256 |  15784 |  17 | 1290.7 |
       Dungeon |  16502 |  15430 |   1072 |   1921 |  11540 |  13 | 1269.4 |
          Lair |   4378 |   4191 |    187 |    229 |   3503 |   3 | 1459.3 |
         Sewer |   1062 |   1062 |      0 |    106 |    740 |   1 | 1062.0 |
               +--------+--------+--------+--------+--------+-----+--------+

Top non-repeatable levels by time:
    D:11: 2729 daAuts
  Lair:1: 2379 daAuts
     D:6: 1849 daAuts
    D:10: 1669 daAuts
     D:7: 1641 daAuts
     D:9: 1618 daAuts
  Lair:2: 1374 daAuts
    D:12: 1339 daAuts
     D:8: 1210 daAuts
   Sewer: 1062 daAuts
     D:4: 1039 daAuts
     D:5: 1027 daAuts
     D:3: 936 daAuts
     D:1: 796 daAuts
     D:2: 642 daAuts
